 Dungeon Crawl Stone Soup version 0.16.1-17-g773cdaf (webtiles) character file.

354 UBR the Magician (level 6, -1/32 HPs)
             Began as a Deep Elf Wizard on Apr 23, 2015.
             Slain by a slave (5 damage)
             ... led by Pikel
             ... on level 4 of the Dungeon.
             The game lasted 01:05:02 (2967 turns).

UBR the Magician (Deep Elf Wizard)                  Turns: 2967, Time: 01:05:02

Health: -1/32      AC:  1    Str:  7    XL:     6   Next: 35%
Magic:  17/23      EV: 13    Int: 25    God:
Gold:   93         SH:  0    Dex: 13    Spells: 1 memorised, 18 levels left

rFire  . . .     SeeInvis .     q - +0 hunting sling (freeze)
rCold  . . .     Clarity  .     (no armour)
rNeg   . . .     SustAb   .     (no shield)
rPois  .         Gourm    .     b - +0 hat
rElec  .         Spirit   .     s - +0 cloak
rCorr  .         Warding  .     (no gloves)
rMut   .         Stasis   .     (no boots)
MR     .....                    (no amulet)
Stlth  ++........               (no ring)
                                t - +3 ring of strength

@: not resistant to hostile enchantments, unstealthy
A: no striking features
a: no special abilities


You were on level 4 of the Dungeon.
You were very hungry.

You visited 2 branches of the dungeon, and saw 5 of its levels.

You collected 93 gold pieces.

Inventory:

Hand weapons
 h - a +0 hunting sling
 i - a +0 dagger
 k - a +0 short sword
 q - a +0 hunting sling of freezing (weapon)
 u - a +0 whip
 x - a +0 long sword
 B - a +0 dagger
 D - a +0 spear
 E - a +0 whip
 G - a +0 club
 H - a cursed +0 dagger
 I - a +0 dagger
 Q - a +0 flail
 V - a +0 dagger
 X - a +0 hand axe
 Y - a +0 whip
Missiles
 j - 102 stones (quivered)
 r - 61 arrows
 N - 25 bolts
 U - 22 sling bullets
Armour
 a - a +0 robe
 b - a +0 hat (worn)
 s - a +0 cloak (worn)
 v - a +0 ring mail
 A - a cursed +0 leather armour
 C - a +0 robe
 L - a +0 leather armour
 P - a +0 leather armour
 R - a +0 leather armour
 W - a +0 chain mail
 Z - a +0 leather armour
Jewellery
 t - a +3 ring of strength (left hand)
Scrolls
 e - a scroll of identify
 l - 5 scrolls of teleportation {unknown}
 o - a scroll of noise {unknown}
 w - 2 scrolls of enchant weapon {unknown}
 y - 2 scrolls of recharging {unknown}
 J - a scroll of enchant armour {unknown}
 K - a scroll of immolation {unknown}
 O - 2 scrolls of fear {unknown}
 S - a scroll of fog {unknown}
 T - a scroll of random uselessness {unknown}
Potions
 g - a potion of flight {unknown}
 p - a potion of cure mutation {unknown}
 z - a potion of mutation {unknown}
 F - a potion of agility {unknown}
 M - a potion of restore abilities {unknown}
Books
 c - a book of Minor Magic

   Spells                             Type                      Level
   a - Magic Dart                     Conjuration                  1
   b - Blink                          Translocation                2
   c - Call Imp                       Summoning                    2
   d - Repel Missiles                 Charms/Air                   2
   e - Slow                           Hexes                        2
   f - Conjure Flame                  Conjuration/Fire             3
   g - Mephitic Cloud                 Conjuration/Poison/Air       3
Comestibles
 d - 3 bread rations
 m - a meat ration


   Skills:
 - Level 3.1 Dodging
 + Level 3.5 Stealth
 + Level 7.4 Spellcasting
 + Level 4.1 Conjurations
   Level 1.1 Summonings
   Level 1.1 Translocations


You had 18 spell levels left.
You knew the following spells:

 Your Spells              Type           Power        Failure   Level  Hunger
a - Magic Dart            Conj           ####         1%          1    None


Dungeon Overview and Level Annotations

Branches:
Dungeon (4/15)             Temple (1/1) D:4

Altars:
Ashenzari
Cheibriados
Dithmenos
Elyvilon
Makhleb
Nemelex Xobeh
Okawaru
Qazlal
Ru
Sif Muna
Trog
Xom
Yredelemnul

Annotations:
D:4 Pikel


Message History

Confirm with . or Enter, or press ? or * to list all spells.
Aiming: Magic Dart
Press: ? - help, Shift-Dir - straight line, f/p - slave
Aim: a slave, wearing an animal skin (almost dead)
The magic dart hits the slave.
You kill the slave!
That felt strangely unrewarding.
You are feeling very hungry.
The slave misses you.
Read which item? (? for menu, Esc to quit)
As you read the scroll labeled SCHIGH ORUSY, it crumbles to dust.
It is a scroll of identify.
Identify which item? (\ to view known items) (? for menu, Esc to quit)
A - a cursed +0 leather armour The slave closely misses you.
Read which item? (? for menu, Esc to quit)
As you read the scroll labeled ODACSI SHRUY, it crumbles to dust.
You feel as if something is helping you.
It was a scroll of remove curse.
The slave hits you.
You die...

..##..####.##..###...###
..##### ##...## #####
..## ##†### ...###
#...###
...#.########....##
...#.......###....###
...#........###..#..#
...#........# #######
...#........# #@#
...#........# #p#
...#........# #.#
...#........####.###
...#.........##....#
...#.....†...#####.#
.............#####.#
.##..........[.....#
....>........#######


You could see a slave.

Vanquished Creatures
  A slave (D:4)
  A vampire bat (D:4)
  A giant frog skeleton (D:4)
  An orc wizard (D:2)
  2 worker ants (D:4)
  Ijyb (D:3)
  3 adders
  4 worms
  3 fire bats (D:4)
  An ooze (D:3)
  4 orcs
  2 spectral bats (D:4)
  16 bats
  3 bat skeletons (D:4)
  A bat zombie (D:4)
  4 giant cockroaches
  3 goblins
  7 hobgoblins
  10 jackals
  A bat simulacrum (D:4)
  3 giant geckos
  7 giant newts
  A jackal skeleton (D:4)
  12 kobolds
  A quokka (D:2)
  6 rats
99 creatures vanquished.

Notes
Turn   | Place    | Note
--------------------------------------------------------------
     0 | D:1      | UBR, the Deep Elf Wizard, began the quest for the Orb.
     0 | D:1      | Reached XP level 1. HP: 10/10 MP: 6/6
   414 | D:1      | Found a sparkling altar of Nemelex Xobeh.
   480 | D:1      | Reached XP level 2. HP: 10/15 MP: 4/10
   661 | D:1      | Reached skill level 5 in Spellcasting
   995 | D:2      | Reached XP level 3. HP: 19/19 MP: 3/14
  1089 | D:2      | Found a sacrificial altar of Ru.
  1352 | D:2      | Reached XP level 4. HP: 24/24 MP: 4/17
  1739 | D:3      | Reached skill level 6 in Spellcasting
  1871 | D:4      | Noticed a slave
  1874 | D:4      | Noticed Pikel
  1875 | D:4      | Noticed a slave
  1876 | D:4      | Noticed a slave
  1938 | D:3      | Noticed Ijyb
  1957 | D:3      | Killed Ijyb
  1960 | D:3      | Reached XP level 5. HP: 16/28 MP: 8/20
  2114 | D:4      | Found a staircase to the Ecumenical Temple.
  2157 | Temple   | Entered the Ecumenical Temple
  2277 | D:4      | Found an iron altar of Okawaru.
  2605 | D:4      | Reached skill level 7 in Spellcasting
  2654 | D:4      | Reached XP level 6. HP: 26/32 MP: 4/23
  2915 | D:4      | Noticed a slave
  2954 | D:4      | Killed a slave
  2967 | D:4      | Slain by a slave

Action                   |  1- 3 |  4- 6 || total
-------------------------+-------+-------++-------
Melee: Club              |    14 |       ||    14
       Unarmed           |     8 |       ||     8
 Fire: Hunting sling     |     1 |       ||     1
 Cast: Magic Dart        |   101 |   168 ||   269
  Use: Scroll            |       |     2 ||     2
  Eat: Chunk             |     1 |     4 ||     5
